Map: King's Cove LE

Players

SpeCial - Winner!

  • Race: Terran Terran
  • Spawn Location: 5:00

MaNa

  • Race: Protoss Protoss
  • Spawn Location: 11:00

Event: 2019 WCS Summer

VOD

Have the link to the VOD?

Description

Time

  • Played on: July 13, 2019, 12:38 p.m.
  • Length: 20:26

All games in this series

Show
View Real Time Build Order
Export as new Build Order

SpeCial Terran - Winner!

Build Orders: Reaper Expand 

Get SALT Encoding   

  12  0:00  SCV  
  13  0:12  SCV  
  14  0:17  Supply Depot  
  14  0:24  SCV  
  15  0:39  Barracks, SCV  
  16  0:44  Refinery  
  16  0:51  SCV  
  17  1:03  SCV  
  18  1:15  SCV  
  19  1:27  Reaper  
  19  1:28  Orbital Command  
  20  1:44  Command Center  
  20  1:56  SCV  
  20  1:59  Marine  
  20  2:00  Supply Depot  
  22  2:08  SCV  
  22  2:14  Factory  
  23  2:21  Refinery  
  23  2:22  SCV  
  24  2:25  Barracks Reactor  
  24  2:34  SCV  
  25  2:46  SCV  
  26  2:58  SCV  
  27  3:02  Orbital Command, Marine x2  
  27  3:04  Widow Mine, Starport  
  31  3:10  SCV  
  32  3:20  Marine x2  
  32  3:22  SCV  
  37  3:27  Widow Mine  
  37  3:28  SCV  
  38  3:34  SCV  
  42  3:41  SCV  
  42  3:42  Medivac  
  42  3:45  Supply Depot  
  46  3:48  Widow Mine  
  46  3:51  SCV  
  46  3:53  SCV  
  46  4:00  Barracks  
  46  4:02  Barracks  
  46  4:04  Supply Depot  
  46  4:07  Marine x2, SCV x2  
  50  4:12  Factory Tech Lab  
  50  4:13  Starport Tech Lab  
  50  4:19  SCV  
  50  4:20  SCV  
  50  4:22  Bunker  
  52  4:24  Marine x2  
  54  4:31  SCV  
  54  4:32  SCV  
  54  4:35  Raven  
  54  4:37  Supply Depot  
  58  4:42  Factory Tech Lab, Marine x2  
  58  4:43  Engineering Bay, SCV  
  58  4:44  SCV  
  62  4:58  SCV x2  
  61  5:09  Refinery x2  
  61  5:10  Siege Tank, SCV x2  
  61  5:12  Terran Infantry Weapons Level 1  
  66  5:14  Marine, Supply Depot  
  66  5:16  Marine  
  68  5:21  Marine  
  68  5:22  Stimpack  
  68  5:23  SCV  
  68  5:28  SCV  
  71  5:29  Supply Depot  
  71  5:35  SCV  
  72  5:36  Marine  
  72  5:37  Starport Reactor  
  72  5:40  SCV  
  74  5:45  Siege Tank  
  74  5:47  SCV  
  74  5:49  Marine  
  80  5:52  Marauder  
  80  5:53  Marauder  
  84  5:58  Supply Depot  
  84  6:03  Command Center  
  83  6:08  Marine x2  
  85  6:15  Medivac  
  85  6:17  Medivac  
  89  6:21  Supply Depot  
  89  6:23  Marauder  
  89  6:24  Marauder  
  89  6:25  Combat Shield  
  93  6:26  Marine x2  
  93  6:30  Missile Turret  
  95  6:33  Siege Tank  
  95  6:34  SCV x2  
  98  6:43  Liberator  
  98  6:45  Marine x2  
  98  6:46  Marauder x2  
  104  6:58  Medivac  
  105  7:04  Marine x2  
  105  7:05  Barracks  
  105  7:06  Barracks  
  105  7:07  Supply Depot x2  
  107  7:14  Marauder  
  107  7:15  Marauder  
  111  7:16  Orbital Command  
  111  7:18  SCV x2  
  113  7:25  Siege Tank  
  113  7:29  Marine x2  
  118  7:35  Marauder, SCV x2  
  118  7:36  Marauder  
  124  7:40  Supply Depot  
  124  7:41  Liberator, Terran Infantry Armor Level 1  
  123  7:49  Liberator, SCV  
  123  7:52  Orbital Command, SCV  
  123  7:54  Marine x2  
  123  7:55  Barracks Reactor, Barracks Tech Lab  
  129  8:11  Marauder x2  
  129  8:12  Marine x2  
  137  8:13  SCV x2  
  137  8:17  Concussive Shells  
  140  8:20  SCV  
  140  8:26  Liberator  
  141  8:33  Siege Tank  
  141  8:34  SCV x3  
  142  8:41  Marine x4  
  142  8:46  Marauder  
  142  8:47  Liberator  
  148  8:52  Marauder  
  148  8:53  Supply Depot x2  
  149  9:01  Marauder  
  149  9:03  Marine  
  149  9:04  Marine  
  149  9:09  Marauder  
  148  9:13  SCV x2  
  147  9:20  Marauder  
  131  9:30  Marauder, Marine x2  
  117  9:31  SCV  
  117  9:36  SCV  
  102  9:43  SCV  
  102  9:44  SCV  
  94  9:47  Marine  
  94  9:48  Marauder, Marine x3, SCV  
  94  9:50  Medivac x2  
  105  9:53  Marauder, Marine  
  105  9:55  Siege Tank  
  113  10:05  Marine x2, Refinery, Armory, Engineering Bay  
  113  10:06  Refinery  
  113  10:07  Marauder  
  115  10:11  Marine x2  
  115  10:12  Marauder  
  119  10:14  Marine  
  120  10:23  Supply Depot  
  120  10:27  Siege Tank  
  120  10:28  Factory  
  123  10:31  Factory  
  123  10:38  Missile Turret  
  123  10:40  SCV x2  
  123  10:41  SCV  
  126  10:47  Command Center  
  126  10:49  Marine x6  
  131  10:56  Terran Infantry Weapons Level 2, Missile Turret  
  131  10:59  Siege Tank  
  131  11:00  Terran Infantry Armor Level 2  
  131  11:03  Terran Vehicle Weapons Level 1  
  134  11:04  SCV  
  134  11:05  SCV x2  
  137  11:13  Factory Tech Lab  
  137  11:16  Marine x3, Marauder x3  
  137  11:18  Factory Tech Lab  
  146  11:21  SCV x3  
  149  11:33  SCV x3  
  157  11:40  Medivac x2  
  157  11:45  Marine x4  
  157  11:46  Marauder  
  157  11:47  Marauder  
  163  11:48  Siege Tank x2  
  163  11:53  Siege Tank  
  172  11:55  SCV  
  172  11:59  Marauder  
  174  12:02  Marine x2  
  174  12:06  Marine  
  174  12:08  Marauder x2  
  178  12:16  Planetary Fortress  
  178  12:18  Marine  
  178  12:20  Siege Tank, Marine, Medivac  
  178  12:21  Marauder  
  184  12:29  Siege Tank  
  184  12:34  Medivac  
  151  12:44  Marine  
  151  12:45  Marauder  
  151  12:46  Siege Tank  
  151  12:49  SCV  
  150  12:52  SCV x2  
  146  13:01  Command Center  
  146  13:02  Marine, SCV  
  146  13:03  Marauder  
  146  13:04  Siege Tank  
  146  13:05  Siege Tank  
  148  13:08  SCV x2  
  150  13:18  Marine x5  
  153  13:21  SCV  
  153  13:22  SCV  
  153  13:24  SCV  
  156  13:29  Siege Tank, Marine  
  156  13:31  Marine  
  156  13:33  SCV  
  162  13:41  Siege Tank  
  165  13:42  SCV x2  
  165  13:47  Ghost Academy  
  165  13:48  SCV  
  168  13:53  Terran Infantry Weapons Level 3  
  168  13:54  SCV x2  
  168  13:55  Liberator  
  170  14:00  SCV  
  170  14:02  Siege Tank  
  172  14:06  SCV  
  173  14:10  SCV  
  172  14:17  Marine  
  172  14:18  Marauder  
  172  14:20  Ghost  
  172  14:21  Marine x3, Ghost  
  182  14:25  Missile Turret  
  182  14:26  Siege Tank  
  182  14:27  SCV x2  
  185  14:32  Refinery  
  185  14:33  Refinery  
  185  14:38  Planetary Fortress  
  178  14:40  Command Center  
  178  14:42  Missile Turret  
  178  14:46  Sensor Tower  
  178  14:48  Marauder, Marine x2  
  178  14:50  Marine, Marauder  
  178  14:52  Marine  
  186  14:53  Marine  
  186  14:55  Supply Depot  
  187  15:06  Marine x2  
  187  15:09  Barracks  
  187  15:10  Barracks  
  187  15:11  Barracks  
  187  15:17  Siege Tank x3  
  196  15:23  Sensor Tower  
  196  15:26  Marine  
  196  15:33  Missile Turret  
  196  15:42  Marine  
  196  15:43  Marauder  
  196  15:48  Marine  
  196  15:49  Marine  
  196  15:50  Marine  
  196  15:52  Marauder x2  
  196  15:55  Siege Tank  
  189  16:00  Barracks Reactor, Marine, Barracks Tech Lab  
  189  16:01  Barracks Tech Lab, SCV x2  
  189  16:03  Terran Vehicle Weapons Level 2  
  192  16:04  Marauder  
  192  16:05  Marine  
  192  16:07  Marine  
  192  16:08  Marine  
  193  16:13  Marauder x2  
  193  16:16  SCV  
  193  16:18  Marine, SCV  
  195  16:19  Marauder  
  195  16:20  Marauder  
  198  16:33  Command Center  
  198  16:34  Terran Infantry Armor Level 3  
  198  16:42  Planetary Fortress  
  198  16:44  Marauder  
  167  16:54  Marine x2  
  167  16:55  Marauder  
  167  16:56  Siege Tank x2  
  167  16:59  Marauder, Marine x2  
  167  17:01  Siege Tank, Marine  
  139  17:02  Marauder  
  139  17:05  Marine  
  139  17:06  Marauder  
  139  17:07  Marine  
  132  17:10  Medivac  
  132  17:15  Marine x2  
  136  17:16  Marauder  
  136  17:22  Marauder  
  140  17:24  Medivac  
  140  17:28  Siege Tank  
  140  17:29  Marine  
  146  17:31  Ghost  
  146  17:33  Marine  
  146  17:36  Marine  
  150  17:38  Marine x2  
  150  17:39  Ghost, Medivac  
  150  17:42  Marine  
  156  17:50  Siege Tank  
  159  17:54  Siege Tank, Medivac  
  159  17:58  Missile Turret  
  162  18:00  Siege Tank  
  162  18:05  Marine x2  
  164  18:09  Medivac  
  164  18:10  Refinery x2  
  168  18:13  Marine x2  
  168  18:14  Marauder  
  168  18:17  Marine, Refinery  
  173  18:22  Siege Tank, Missile Turret  
  173  18:24  Medivac  
  173  18:25  Marauder  
  173  18:26  Siege Tank  
  180  18:35  Planetary Fortress  
  180  18:36  Command Center  
  180  18:38  Marine  
  180  18:39  Marauder, Medivac  
  185  18:44  Marauder  
  185  18:47  Marauder  
  189  18:49  Ghost  
  189  18:50  Marine x2  
  189  18:53  Marine  
  194  19:02  Ghost  
  192  19:12  Medivac x2  
  196  19:20  Ghost  
  196  19:21  Ghost, Missile Turret  
  199  19:39  Marine, Missile Turret  
  195  19:50  Marine  
  195  19:51  Marauder  
  198  19:56  Marine  
Show
View Real Time Build Order
Export as new Build Order

MaNa Protoss 

Build Orders: 1 Gate Expand, Blink Stalkers, Colossus Rush 

Get SALT Encoding   

  12  0:00  Probe  
  13  0:12  Probe  
  14  0:18  Pylon  
  14  0:23  Probe  
  15  0:32  Probe  
  15  0:37  Gateway  
  15  0:40  Probe  
  16  0:46  Assimilator  
  17  0:51  Probe  
  18  1:03  Probe  
  19  1:16  Probe  
  20  1:25  Nexus  
  20  1:35  Cybernetics Core  
  20  1:39  Probe  
  21  1:47  Assimilator  
  21  1:51  Probe  
  22  1:57  Pylon  
  22  2:03  Probe  
  22  2:05  Adept  
  25  2:16  Probe  
  25  2:19  Warp Gate  
  26  2:28  Probe  
  26  2:29  Stalker  
  28  2:40  Probe  
  29  2:49  Probe  
  29  2:50  Twilight Council  
  30  2:52  Probe  
  31  3:04  Probe  
  32  3:11  Probe  
  35  3:16  Probe  
  35  3:19  Gateway x2  
  34  3:21  Sentry, Blink  
  34  3:23  Probe  
  37  3:28  Probe  
  38  3:35  Probe  
  38  3:40  Probe  
  40  3:44  Robotics Facility  
  40  3:47  Probe  
  41  3:50  Probe  
  41  3:55  Probe  
  42  3:56  Pylon  
  42  3:58  Probe  
  44  4:03  Probe  
  44  4:04  Assimilator  
  44  4:07  Assimilator  
  45  4:14  Stalker  
  45  4:15  Stalker  
  49  4:19  Stalker  
  49  4:21  Probe  
  49  4:22  Probe  
  53  4:25  Observer  
  54  4:39  Robotics Bay  
  54  4:40  Pylon  
  54  4:50  Probe x2  
  53  5:02  Probe  
  53  5:03  Stalker x3  
  53  5:05  Probe  
  59  5:14  Probe  
  59  5:17  Probe  
  61  5:23  Pylon  
  61  5:26  Probe  
  62  5:29  Nexus  
  62  5:31  Colossus, Pylon  
  62  5:41  Probe x2, Extended Thermal Lance  
  69  5:51  Phoenix  
  69  5:53  Probe x2  
  71  5:57  Sentry x2  
  75  6:05  Probe  
  75  6:06  Probe  
  75  6:07  Pylon  
  77  6:11  Forge  
  77  6:15  Pylon  
  77  6:18  Observer  
  77  6:20  Probe  
  77  6:23  Pylon  
  77  6:25  Probe  
  80  6:28  Stalker  
  80  6:29  Stalker  
  84  6:38  Colossus  
  84  6:44  Stalker  
  84  6:45  Protoss Ground Armor Level 1  
  86  6:51  Charge  
  86  6:52  Probe x3  
  95  6:56  Stalker  
  95  6:59  Observer  
  97  7:03  Observer  
  97  7:04  Probe x3  
  97  7:08  Gateway  
  100  7:09  Gateway  
  100  7:13  Gateway  
  100  7:17  Probe, Shield Battery  
  100  7:18  Probe  
  102  7:23  Stalker  
  102  7:28  Stalker x2  
  107  7:33  Pylon  
  107  7:36  Immortal  
  111  7:38  Probe x2  
  113  7:49  Gateway  
  113  7:50  Pylon  
  113  7:53  Pylon  
  113  7:54  Probe x2  
  113  7:56  Zealot x3  
  121  8:10  Stalker x3  
  127  8:15  Colossus  
  127  8:17  Zealot x3  
  137  8:27  Probe x3  
  137  8:34  Protoss Ground Weapons Level 1  
  136  8:36  Zealot x2  
  136  8:41  Templar Archives  
  140  8:51  Shield Battery  
  138  8:57  Pylon  
  138  9:00  Pylon  
  138  9:02  Assimilator  
  138  9:03  Assimilator  
  138  9:08  Zealot x4  
  140  9:14  Colossus  
  140  9:16  Stalker  
  108  9:31  Stalker, Zealot x3  
  108  9:32  Zealot x2  
  108  9:41  Stalker  
  104  9:51  High Templar x2  
  104  9:52  High Templar x2  
  112  9:53  Sentry, Forge, Zealot  
  112  9:56  Archon x2  
  112  9:58  Warp Prism  
  116  10:00  Photon Cannon  
  116  10:01  Photon Cannon  
  116  10:09  Nexus  
  116  10:11  Zealot  
  116  10:12  Zealot  
  116  10:13  Psionic Storm  
  122  10:15  Stalker x4  
  122  10:16  Protoss Ground Armor Level 2  
  122  10:18  Pylon  
  130  10:28  Pylon  
  130  10:32  Zealot x2  
  134  10:41  High Templar x2, Pylon  
  138  10:50  Immortal  
  138  10:52  Zealot x2, Protoss Ground Weapons Level 2  
  138  10:54  Probe x2  
  148  10:57  Zealot  
  150  11:04  High Templar  
  151  11:11  Probe x2  
  151  11:13  Stalker x3  
  158  11:20  Photon Cannon, High Templar  
  158  11:22  Zealot  
  162  11:29  Immortal  
  162  11:30  Shield Battery  
  166  11:36  Stalker  
  166  11:37  Stalker x2  
  172  11:45  Stalker x3  
  178  11:58  Probe x3  
  181  12:06  Zealot x4  
  184  12:14  High Templar x2  
  188  12:18  Archon  
  186  12:24  Pylon  
  173  12:40  Immortal  
  173  12:43  Zealot x4  
  173  12:44  Zealot  
  106  13:03  High Templar x6  
  98  13:12  Gateway  
  98  13:13  Nexus, Warp Prism  
  98  13:15  Pylon  
  100  13:26  Sentry  
  102  13:30  Robotics Facility  
  102  13:31  Nexus  
  102  13:35  Protoss Ground Armor Level 3  
  102  13:37  Zealot x6  
  114  13:47  Probe x2  
  116  13:49  Immortal  
  116  13:50  Probe  
  121  13:59  Probe  
  122  14:06  Zealot x4  
  120  14:18  Zealot x2  
  120  14:22  Stalker, Zealot  
  120  14:23  Immortal  
  128  14:35  Immortal  
  132  14:43  High Templar x6  
  132  14:44  Probe x3  
  147  14:46  Probe x2  
  147  14:47  Archon x3  
  149  14:53  Assimilator  
  149  14:56  Probe  
  149  14:58  Observer, Protoss Ground Weapons Level 3  
  150  15:02  Pylon  
  149  15:14  Stalker x2  
  153  15:21  Stalker x2  
  153  15:22  Stalker x2  
  153  15:25  Probe x2  
  163  15:32  Stalker x2  
  163  15:35  Probe x2  
  169  15:45  Zealot x4  
  159  15:55  Zealot x4  
  159  15:57  Immortal  
  147  16:01  Immortal  
  147  16:12  Zealot x2, High Templar x2  
  147  16:16  Archon  
  155  16:19  Zealot x3  
  153  16:33  Zealot, High Templar x2  
  153  16:36  Immortal  
  153  16:38  Archon  
  163  16:40  Zealot, Immortal  
  163  16:41  Zealot x2  
  135  16:58  Zealot x3  
  117  17:09  Nexus  
  117  17:10  Immortal  
  117  17:12  High Templar x2  
  117  17:15  Immortal  
  129  17:26  Probe x4  
  132  17:34  Sentry  
  132  17:35  Zealot x3  
  140  17:38  Stalker  
  140  17:40  Colossus  
  140  17:41  Stalker  
  144  17:46  Warp Prism  
  152  18:00  Zealot  
  152  18:01  Zealot  
  154  18:07  Probe x3  
  154  18:11  Pylon  
  154  18:12  High Templar x2  
  155  18:39  Assimilator  
  155  18:44  Colossus  
  155  18:45  Immortal  
  155  18:46  Zealot x3  
  155  18:47  Nexus  
  171  18:49  Assimilator  
  171  18:51  Assimilator  
  171  18:55  High Templar  
  171  18:59  Pylon  
  173  19:08  Pylon  
  169  19:13  Stalker x3  
  171  19:22  Stalker  
  171  19:23  Stalker, Zealot x2  
  175  19:46  Archon  
  175  19:47  Zealot  
  175  19:48  Zealot x7  
  173  20:08  Zealot x8  
Tags
 
Add a new tag
Caveats
  • Supply blocks, unpowered buildings, or Contaminate may cause inaccurate times.
  • Supply counts are checked every 10 seconds.